 Dungeon Crawl Stone Soup version 0.30-a0-469-g84de5afbc5 (webtiles) character file.

Game seed: 3485108627057310007

14 Iich the Trooper (level 2, -4/24 HPs)
             Began as a Demonspawn Fighter on Dec 19, 2022.
             Killed from afar by Natasha (20 damage)
             ... with a bolt of light
             ... on level 2 of the Dungeon.
             The game lasted 00:01:15 (716 turns).

Iich the Trooper (Demonspawn Fighter)                Turns: 716, Time: 00:01:16

Health: -4/24      AC:  9    Str: 16    XL:     2   Next: 27%
Magic:  2/2        EV:  6    Int:  9    God:
Gold:   71         SH:  5    Dex: 14    Spells: 1/1 levels left

rFire   . . .      SeeInvis .    a - +0 war axe
rCold   . . .      Faith    .    c - +0 buckler
rNeg    . . .      Spirit   .    h - +0 chain mail
rPois   .          Reflect  .    (no helmet)
rElec   .          Harm     .    (no cloak)
rCorr   .          Rampage  .    (no gloves)
Will    .....                    (no boots)
Stlth   ..........               (no amulet)
HPRegen 0.24/turn                (no ring)
MPRegen 0.08/turn                (no ring)

@: no status effects
A: thin skeletal structure 1
a: no special abilities


You were on level 2 of the Dungeon.
You visited 1 branch of the dungeon, and saw 2 of its levels.

You collected 71 gold pieces.

Inventory:

Hand Weapons
 a - a +0 war axe (weapon)
 b - a +0 sling
Armour
 c - a +0 buckler (worn)
 h - a +0 chain mail (worn)
 l - a +0 scale mail
Scrolls
 f - a scroll of enchant weapon {unknown}
 g - 3 scrolls of identify {unknown}
 j - a scroll of amnesia {unknown}
 k - a scroll of teleportation {unknown}
Potions
 d - 2 potions of might
 e - 3 potions of heal wounds {unknown}
 i - a potion of brilliance {unknown}
 m - a potion of degeneration {unknown}


   Skills:
 + Level 3.2 Fighting
 + Level 1.9 Axes
 + Level 2.9 Armour
 + Level 2.9 Shields


You had one spell level left.
You didn't know any spells.
Your spell library was empty.

Dungeon Overview and Level Annotations

Branches:
Dungeon (2/15)

Altars:

Annotations:
D:2 Natasha


Innate Abilities, Weirdness & Mutations

You have a somewhat thin skeletal structure. (Dex +2, Stealth+)


Message History

Nothing quivered!
You now have 71 gold pieces (gained 10).
d - 2 potions of might (gained 1)
m - a smoky purple potion You open the door.
An endoplasm comes into view.
The endoplasm quivers.
The endoplasm moves out of view.
Found a faded altar of an unknown god.
There is an open door here.
You barely miss the endoplasm.
The endoplasm hits you but does no damage. x2
You hit the endoplasm.
The endoplasm is severely wounded.
The endoplasm freezes you.
You are frozen.
You hit the endoplasm.
You kill the endoplasm!
No target in view!
There is a faded altar of an unknown god here.
This altar belongs to (a) Sif Muna, (b) Kikubaaqudgha or (c) Cheibriados, but you can't tell which.
Press the corresponding letter to learn more about a god, or press enter to convert or escape to cancel.
Okay, then.
HP restored.
As you open the door, it creaks loudly!
You hear an angry hiss.
Found 5 stones.
Found a stone staircase leading up.
Natasha, Servant of Life and Death comes into view.
She is carrying a wand of light (13).
There is an open door here.
A goblin comes into view. It is wielding a +0 club.
The goblin shouts!
Natasha mumbles some strange words.
You feel disoriented.
Natasha zaps a wand.
The bolt of light hits you.
You hit Natasha.
Natasha is heavily wounded.
Natasha claws you.
You barely miss Natasha.
Natasha is heavily wounded.
Natasha zaps a wand.
The bolt of light hits you!!
Ouch! That really hurt!
You die...

##.# . #... .
#..#.# #..#.
##... .g. #h#
#@# #.## #..#
+### ###'#
#..###..#<.(..#
#...8...#.#.###
##.....#### #
#.._..#
##.....##


You could see Natasha and a goblin.

Vanquished Creatures
  2 endoplasms
  A goblin (D:1)
  A hobgoblin (D:1)
  A kobold (D:1)
  4 ball pythons
  2 frilled lizards (D:1)
  2 rats (D:1)
13 creatures vanquished.

Notes
Turn   | Place    | Note
-------+----------+-------------------------------------------
     0 | D:1      | Iich the Demonspawn Fighter began the quest for the Orb.
     0 | D:1      | Reached XP level 1. HP: 18/18 MP: 1/1
   334 | D:1      | Gained mutation: You have a somewhat thin skeletal
                  | structure. (Dex +2, Stealth+) [demonic ancestry]
   334 | D:1      | Reached XP level 2. HP: 24/24 MP: 2/2
   688 | D:2      | Found a faded altar of an unknown god.
   711 | D:2      | Noticed Natasha
   716 | D:2      | Killed from afar by Natasha

Illustrated notes

Levels and vault maps discovered:
D:1:      minmay_arrival_cross, layout_basic
D:2:      layout_loops_ring, hellmonk_ecumenical_altar_slurped_away,
          uniq_terence, uniq_natasha

Action                   || total
-------------------------++-------
Melee: War axe           ||    38
 Fire: Sling             ||     1
Armor: Chain mail        ||    14
       Scale mail        ||     7
Dodge: Dodged            ||     5
Block: Buckler           ||     9

Table legend: (Time is in decaauts)
 A = Elapsed time spent in this place.
 B = Non-inter-level travel time spent in this place.
 C = Inter-level travel time spent in this place.
 D = Time resting spent in this place.
 E = Time spent auto-exploring this place.
 F = Levels seen in this place.
 G = Mean time per level.
                   A        B        C        D        E       F      G
               +--------+--------+--------+--------+--------+-----+--------+
         Total |    730 |    690 |     40 |      0 |    539 |   2 |  365.0 |
       Dungeon |    730 |    690 |     40 |      0 |    539 |   2 |  365.0 |
               +--------+--------+--------+--------+--------+-----+--------+

Top non-repeatable levels by time:
     D:1: 623 daAuts
     D:2: 107 daAuts
